 Dungeon Crawl Stone Soup version 0.27.1-1-g398f81649c (webtiles) character file.

Game seed: 14103476716788809469

98 ZARRMARR the Cutter (level 4, -6/31 HPs)
             Began as an Octopode Monk on Sept 9, 2021.
             Mangled by a gnoll (9 damage)
             ... on level 3 of the Dungeon.
             The game lasted 00:05:47 (1911 turns).

ZARRMARR the Cutter (Octopode Monk)                 Turns: 1911, Time: 00:05:48

Health: -6/31      AC:  1    Str: 10    XL:     4   Next: 69%
Magic:  4/4        EV: 14    Int: 13    God:
Gold:   35         SH:  0    Dex: 14    Spells: 3/3 levels left

rFire    . . .     SeeInvis .   c - +2 short sword (venom)
rCold    . . .     Faith    .   (no shield)
rNeg     . . .     Spirit   .   (helmet restricted)
rPois    .         Reflect  .   (no amulet)
rElec    .         Harm     .   (no ring)
rCorr    .         Rampage  .   (no ring)
Will     .....                  (no ring)
Stlth    +++.......             (no ring)
HPRegen  0.10/turn              (no ring)
MPRegen  0.09/turn              (no ring)
                                (no ring)
                                (no ring)

@: lethally poisoned (-6 -> -15), hasted, very quick
A: almost no armour, amphibious, 8 rings, camouflage 1, gelatinous body 1,
(nimble swimmer 1), tentacles
a: no special abilities


You were on level 3 of the Dungeon.
You visited 1 branch of the dungeon, and saw 3 of its levels.

You collected 113 gold pieces.
You spent 78 gold pieces at shops.

Inventory:

Hand Weapons
 c - a +2 short sword of venom (weapon)
Scrolls
 e - 2 scrolls of holy word
 g - 2 scrolls of amnesia {unknown}
 i - 2 scrolls of teleportation
Potions
 b - a potion of lignification {unknown}
 d - a potion of curing {unknown}
 f - a potion of heal wounds {unknown}


   Skills:
 + Level 3.5 Fighting
 * Level 4.0 Short Blades
 + Level 3.5 Dodging
 + Level 3.8 Stealth


You had 3 spell levels left.
You didn't know any spells.
Your spell library contained the following spells:

 Spells                   Type           Power      Damage    Failure   Level
 Animate Skeleton         Necr           0%         N/A       30%         1
 Pain                     Necr           0%         1d4       30%         1
 Summon Small Mammal      Summ           0%         N/A       30%         1
 Call Canine Familiar     Summ           0%         N/A       67%         3
 Summon Guardian Golem    Hex/Summ       0%         N/A       67%         3
 Vampiric Draining        Necr           0%         2d6       67%         3


Dungeon Overview and Level Annotations

Branches:
Dungeon (3/15)

Altars:

Shops:
D:1 *?[


Innate Abilities, Weirdness & Mutations

You cannot wear most types of armour.
You are amphibious.
You can wear up to eight rings at the same time.
Your skin changes colour to match your surroundings (Stealth+).
Your rubbery body absorbs attacks. (AC +1, EV +1)
((You are camouflaged near water. (Stealth+)))
You have tentacles for arms and can constrict up to eight enemies at once.


Message History

You hit the adder.
The adder is poisoned.
Your grab misses the adder.
The adder is heavily wounded.
You feel sick. The adder barely misses you.
You hit the adder.
The adder looks as sick as possible!
You grab the adder.
The adder is almost dead.
You constrict the adder.
You kill the adder!
You feel sick.
Your Short Blades skill increases to level 4!
You closely miss the adder. Your grab misses the adder.
You feel sick. The adder bites you.
You hit the gnoll.
The gnoll is poisoned.
You grab the gnoll.
The gnoll is moderately wounded.
You constrict the gnoll. The adder bites you. The gnoll barely misses you.
You hit the gnoll.
The gnoll looks as sick as possible!
The gnoll is severely wounded.
You constrict the gnoll.
You feel sick. The adder bites you.
You hit the gnoll but do no damage.
The gnoll is almost dead.
You constrict the gnoll.
You kill the gnoll!
You feel sick.
You are no longer poisoned.
The adder bites you.
You feel yourself speed up. The adder misses you. The adder bites you.
* * * LOW HITPOINT WARNING * * *
You are poisoned.
The adder poisons you! The gnoll closely misses you.
* * * LOW HITPOINT WARNING * * *
You feel sick.
You hit the adder.
The adder is poisoned.
You grab the adder.
The adder is moderately wounded.
You constrict the adder. You hit the gnoll. Your grab misses the gnoll.
The gnoll is heavily wounded.
You constrict the adder.
You feel sick. The adder bites you.
* * * LOW HITPOINT WARNING * * *
You are more poisoned.
The adder poisons you! The gnoll hits you with a +0 club!
You die...

... #. ...###.### ...
.........# ....
........# ...
#......# $. #......#
.# #.>....###.#
#..........# S
#.......@..# .#
#...^...Sg†#...
#####+#+..##.)......
..
..#.......#..#..#.#
...8...8...8.......#
.....#...#...#..##.#
#.#.###.###........S.
#....#...#....g......
#..8...8...8......g.


You could see a gnoll shaman (wandering), a gnoll and an adder (very poisoned).

Vanquished Creatures
  A gnoll (D:3)
  3 adders
  3 worms (D:2)
  A dart slug (D:1)
  2 ball pythons
  4 bats
  6 endoplasms
  2 giant cockroaches
  6 goblins
  3 hobgoblins
  8 kobolds
  3 quokkas
  2 frilled lizards
  4 rats
48 creatures vanquished.

Notes
Turn   | Place    | Note
-------+----------+-------------------------------------------
     0 | D:1      | ZARRMARR the Octopode Monk began the quest for the Orb.
     0 | D:1      | Reached XP level 1. HP: 16/16 MP: 1/1
    83 | D:1      | Found Byshribo's Armour Boutique.
   106 | D:1      | Reached XP level 2. HP: 21/21 MP: 2/2
   308 | D:1      | Found Jebuorr's Magic Scroll Shoppe.
   355 | D:1      | Found Domacziu's Magic Scroll Shoppe.
   371 | D:1      | Found Vyshuhar's General Store.
   509 | D:1      | Reached XP level 3. HP: 21/26 MP: 3/3
   855 | D:2      | HP: 1/26 [worm (7)]
  1395 | D:2      | Found a faded altar of an unknown god.
  1399 | D:2      | Reached XP level 4. HP: 31/31 MP: 4/4
  1791 | D:1      | Bought 2 scrolls of teleportation for 78 gold pieces
  1904 | D:3      | Reached skill level 4 in Short Blades
  1911 | D:3      | Mangled by a gnoll

Illustrated notes

Levels and vault maps discovered:
D:1:      ncdulo_lavacross, layout_basic, serial_shops, shop, shop, shop_statue,
          shop, serial_glass, glass_columns_c, glass_columns_b,
          chequers_serial_rivers_micro_c
D:2:      layout_rooms, basic_ecumenical_altar
D:3:      layout_basic, minmay_misc_feat_tiny, minmay_misc_feat_four_crosses,
          chequers_serial_rivers_large_b

Skill      XL: |  1  2  3  4 |
---------------+-------------+-----
Stealth        | 3 |  3.8
Short Blades   | 4 |  4.0
Fighting       | |  3.5
Dodging        | |  3.5

Action                   |  1- 3 |  4- 6 || total
-------------------------+-------+-------++-------
Melee: Short sword       |    66 |    24 ||    90
       Tentacles         |     9 |     2 ||    11
       Constrict         |    13 |     6 ||    19
  Use: Scroll            |       |     3 ||     3
       Potion            |       |     1 ||     1
 Stab: Sleeping          |     9 |     5 ||    14
Armor: Skin              |     9 |     1 ||    10
Dodge: Dodged            |    41 |     8 ||    49
